[ PARTIDA AOE2 · #505325206 ]
UnrankedSarracenos vs Dravidians
Equipo del jugador · DERR
Equipo rival · VICT
[ ANÁLISIS DE REPETICIÓN · EXTRAÍDO DE LA PARTIDA GRABADA ]
Feudal
11:04
Castillos
14:42
Imperial
41:13
| APM promedio | 56.4 |
| APM pico | 136 |
| eAPM promedio | 21.5 |
| Aldeanos / militares | 126 / 72 |
Foco
⚔️ 30.5% · 🌾 69.5%
Archer ×30 · Camel Scout ×21 · Knight ×11 · Scorpion ×5 · Mangonel ×2 · Bombard Cannon ×2
Feudal
9:26
Castillos
23:30
Imperial
37:05
| APM promedio | 31.1 |
| APM pico | 67 |
| eAPM promedio | 18.6 |
| Aldeanos / militares | 121 / 95 |
Foco
⚔️ 33.0% · 🌾 67.0%
Spearman ×34 · Battle Elephant ×34 · Urumi Swordsman ×9 · Archer ×7 · Militia ×5 · Trebuchet (Packed) ×4
Mapa de la partida
Recursos iniciales + cada clic de construcción. Líneas = muros · curvas = relieve. ◆ oro · ⬟ piedra · ● bayas · ✦ reliquia · ◌ hueco del cierre
Tu base· Abierta — hueco de 6t
Base de wwuki· ✓ Cerrada en 23:30 · 12t muro · 4 puerta(s) · frágil
Terreno inicial suavizado · ◌ = hueco del cierre detectado · pasá el cursor para detalles
Inputs por minuto
— inhoftah - - wwuki
Build order — inhoftah
Primeras 150 de 357 acciones detectadas
| 0:01 | Encolar | Villager (Male) |
| 0:02 | Construir | House |
| 0:04 | Construir | House |
| 0:16 | Encolar | Villager (Male) |
| 0:16 | Encolar | Villager (Male) |
| 0:26 | Encolar | Villager (Male) |
| 1:35 | Encolar | Villager (Male) |
| 1:46 | Construir | Lumber Camp |
| 1:50 | Encolar | Villager (Male) |
| 1:50 | Encolar | Villager (Male) |
| 2:29 | Encolar | Villager (Male) |
| 2:53 | Encolar | Villager (Male) |
| 2:53 | Encolar | Villager (Male) |
| 2:58 | Encolar | Villager (Male) |
| 2:58 | Encolar | Villager (Male) |
| 3:29 | Construir | House |
| 3:40 | Encolar | Villager (Male) |
| 3:40 | Encolar | Villager (Male) |
| 4:01 | Construir | House |
| 4:07 | Encolar | Villager (Male) |
| 4:20 | Encolar | Villager (Male) |
| 4:56 | Encolar | Villager (Male) |
| 5:06 | Encolar | Villager (Male) |
| 5:10 | Encolar | Villager (Male) |
| 5:26 | Encolar | Villager (Male) |
| 5:38 | Construir | Mill |
| 6:11 | Encolar | Villager (Male) |
| 6:37 | Encolar | Villager (Male) |
| 7:39 | Encolar | Villager (Male) |
| 8:03 | Encolar | Villager (Male) |
| 8:07 | Investigar | Loom |
| 8:19 | Investigar | Feudal Age |
| 9:08 | Construir | Mining Camp |
| 9:13 | Construir | Palisade Wall |
| 9:14 | Construir | Palisade Wall |
| 9:32 | Construir | Palisade Wall |
| 9:33 | Construir | Palisade Wall |
| 9:34 | Construir | Palisade Wall |
| 9:37 | Construir | Palisade Wall |
| 9:55 | Construir | Palisade Wall |
| 10:16 | Construir | Barracks |
| 11:04 | Edad | Edad Feudal |
| 11:08 | Construir | Market |
| 11:10 | Construir | Stable |
| 12:02 | Investigar | Castle Age |
| 12:14 | Construir | Stable |
| 12:19 | Investigar | Horse Collar |
| 12:48 | Investigar | Double-Bit Axe |
| 13:24 | Construir | Farm |
| 13:26 | Construir | Farm |
| 13:33 | Construir | Farm |
| 13:45 | Construir | House |
| 13:47 | Construir | House |
| 14:29 | Construir | Market |
| 14:42 | Edad | Edad de los Castillos |
| 14:53 | Encolar | Knight |
| 15:08 | Encolar | Villager (Male) |
| 15:21 | Encolar | Knight |
| 15:21 | Encolar | Knight |
| 15:29 | Construir | Farm |
| 15:30 | Construir | Farm |
| 15:51 | Construir | Blacksmith |
| 16:05 | Encolar | Knight |
| 16:07 | Encolar | Villager (Male) |
| 16:24 | Encolar | Villager (Male) |
| 17:01 | Encolar | Villager (Male) |
| 17:04 | Construir | Farm |
| 17:10 | Encolar | Knight |
| 17:26 | Construir | House |
| 17:31 | Encolar | Villager (Male) |
| 17:56 | Encolar | Villager (Male) |
| 18:20 | Construir | House |
| 18:21 | Encolar | Villager (Male) |
| 18:29 | Construir | Siege Workshop |
| 18:36 | Encolar | Knight |
| 18:43 | Encolar | Villager (Male) |
| 18:45 | Construir | Farm |
| 18:51 | Construir | House |
| 19:05 | Encolar | Villager (Male) |
| 19:23 | Encolar | Mangonel |
| 19:54 | Encolar | Villager (Male) |
| 20:05 | Encolar | Mangonel |
| 20:10 | Encolar | Villager (Male) |
| 20:13 | Construir | Farm |
| 20:35 | Encolar | Villager (Male) |
| 21:08 | Encolar | Villager (Male) |
| 22:01 | Encolar | Villager (Male) |
| 22:04 | Construir | Monastery |
| 22:12 | Encolar | Villager (Male) |
| 22:19 | Encolar | Knight |
| 22:25 | Construir | House |
| 22:34 | Construir | House |
| 22:42 | Investigar | Scale Barding Armor |
| 23:07 | Encolar | Villager (Male) |
| 23:15 | Construir | House |
| 23:19 | Construir | Lumber Camp |
| 23:32 | Encolar | Monk |
| 24:17 | Encolar | Knight |
| 24:18 | Encolar | Knight |
| 24:20 | Encolar | Villager (Male) |
| 24:48 | Encolar | Villager (Male) |
| 24:53 | Investigar | Bloodlines |
| 25:00 | Encolar | Villager (Male) |
| 25:15 | Construir | House |
| 25:41 | Encolar | Villager (Male) |
| 25:42 | Construir | Farm |
| 25:45 | Construir | Farm |
| 25:47 | Encolar | Villager (Male) |
| 26:34 | Encolar | Villager (Male) |
| 26:59 | Encolar | Villager (Male) |
| 27:12 | Construir | House |
| 27:14 | Construir | House |
| 27:16 | Encolar | Villager (Male) |
| 27:36 | Construir | Town Center |
| 27:46 | Encolar | Villager (Male) |
| 27:55 | Encolar | Villager (Male) |
| 28:19 | Construir | Farm |
| 28:21 | Encolar | Villager (Male) |
| 28:55 | Encolar | Villager (Male) |
| 29:05 | Investigar | Fletching |
| 29:25 | Encolar | Villager (Male) |
| 29:27 | Encolar | Villager (Male) |
| 29:45 | Construir | Farm |
| 29:54 | Construir | Farm |
| 29:56 | Construir | Farm |
| 29:57 | Construir | Farm |
| 29:59 | Construir | Farm |
| 30:00 | Construir | Farm |
| 30:03 | Construir | Farm |
| 30:05 | Encolar | Villager (Male) |
| 30:25 | Encolar | Villager (Male) |
| 30:31 | Construir | Farm |
| 30:32 | Construir | Farm |
| 30:48 | Construir | Mill |
| 30:51 | Construir | Farm |
| 30:54 | Construir | Farm |
| 30:56 | Construir | Farm |
| 31:08 | Encolar | Scorpion |
| 31:09 | Encolar | Villager (Male) |
| 31:09 | Encolar | Villager (Male) |
| 31:11 | Construir | Farm |
| 31:14 | Construir | Farm |
| 31:16 | Construir | Farm |
| 31:19 | Encolar | Villager (Male) |
| 31:28 | Construir | Farm |
| 31:32 | Construir | Outpost |
| 31:34 | Investigar | Town Watch |
| 31:35 | Encolar | Villager (Male) |
| 31:35 | Encolar | Villager (Male) |
| 31:47 | Encolar | Scorpion |
Build order — wwuki
Primeras 150 de 405 acciones detectadas
| 0:01 | Encolar | Villager (Male) |
| 0:02 | Encolar | Villager (Male) |
| 0:03 | Construir | House |
| 0:05 | Construir | House |
| 0:31 | Encolar | Villager (Male) |
| 0:32 | Encolar | Villager (Male) |
| 1:43 | Encolar | Villager (Male) |
| 2:09 | Encolar | Villager (Male) |
| 2:13 | Construir | Lumber Camp |
| 2:32 | Encolar | Villager (Male) |
| 2:58 | Encolar | Villager (Male) |
| 3:24 | Encolar | Villager (Male) |
| 3:48 | Encolar | Villager (Male) |
| 4:07 | Construir | House |
| 4:13 | Encolar | Villager (Male) |
| 4:40 | Encolar | Villager (Male) |
| 4:56 | Encolar | Villager (Male) |
| 5:31 | Encolar | Villager (Male) |
| 5:36 | Construir | Barracks |
| 5:55 | Encolar | Villager (Male) |
| 6:08 | Construir | House |
| 6:21 | Encolar | Villager (Male) |
| 6:51 | Investigar | Loom |
| 7:11 | Encolar | Militia |
| 7:14 | Investigar | Feudal Age |
| 7:15 | Encolar | Militia |
| 7:45 | Construir | Mining Camp |
| 8:08 | Encolar | Militia |
| 8:08 | Encolar | Militia |
| 8:13 | Construir | House |
| 8:33 | Encolar | Militia |
| 9:26 | Edad | Edad Feudal |
| 9:27 | Investigar | Man-at-Arms (upgrade) |
| 9:27 | Investigar | Man-at-Arms (upgrade) |
| 9:31 | Encolar | Villager (Male) |
| 9:32 | Investigar | Double-Bit Axe |
| 10:02 | Construir | Watch Tower |
| 10:05 | Encolar | Villager (Male) |
| 10:30 | Investigar | Town Watch |
| 10:56 | Construir | Archery Range |
| 11:01 | Construir | Archery Range |
| 11:38 | Encolar | Villager (Male) |
| 11:55 | Construir | Watch Tower |
| 11:59 | Encolar | Archer |
| 12:04 | Encolar | Villager (Male) |
| 12:10 | Construir | Mill |
| 12:19 | Encolar | Villager (Male) |
| 12:31 | Encolar | Villager (Male) |
| 12:54 | Construir | Palisade Wall |
| 12:54 | Construir | Palisade Wall |
| 13:09 | Investigar | Wheelbarrow |
| 13:12 | Construir | House |
| 13:22 | Encolar | Archer |
| 13:40 | Construir | House |
| 13:48 | Encolar | Archer |
| 14:07 | Encolar | Archer |
| 14:17 | Encolar | Villager (Male) |
| 14:24 | Construir | Watch Tower |
| 14:35 | Encolar | Archer |
| 14:38 | Encolar | Villager (Male) |
| 15:07 | Construir | House |
| 15:21 | Construir | House |
| 15:23 | Encolar | Archer |
| 15:27 | Construir | Blacksmith |
| 15:38 | Encolar | Villager (Male) |
| 15:43 | Encolar | Spearman |
| 16:04 | Construir | Palisade Gate |
| 16:10 | Construir | Palisade Gate |
| 16:13 | Construir | Palisade Wall |
| 16:25 | Construir | Palisade Gate |
| 16:47 | Encolar | Archer |
| 16:51 | Encolar | Villager (Male) |
| 16:57 | Encolar | Spearman |
| 17:17 | Encolar | Spearman |
| 17:19 | Construir | Palisade Wall |
| 17:20 | Construir | Palisade Wall |
| 17:21 | Construir | Palisade Wall |
| 17:27 | Construir | House |
| 17:31 | Construir | Palisade Wall |
| 17:33 | Construir | Palisade Wall |
| 17:36 | Encolar | Spearman |
| 17:46 | Construir | House |
| 17:51 | Construir | Palisade Wall |
| 17:55 | Construir | House |
| 18:00 | Construir | House |
| 18:01 | Encolar | Villager (Male) |
| 18:07 | Construir | Palisade Gate |
| 18:23 | Construir | Farm |
| 18:24 | Construir | Farm |
| 18:24 | Construir | Farm |
| 18:24 | Construir | Farm |
| 18:36 | Encolar | Villager (Male) |
| 18:38 | Construir | Farm |
| 18:41 | Construir | Farm |
| 18:42 | Encolar | Villager (Male) |
| 18:59 | Encolar | Villager (Male) |
| 19:08 | Construir | Palisade Gate |
| 19:13 | Construir | Market |
| 19:19 | Construir | Palisade Wall |
| 19:21 | Construir | Palisade Wall |
| 19:22 | Construir | Palisade Wall |
| 19:29 | Encolar | Villager (Male) |
| 19:56 | Construir | Farm |
| 20:35 | Construir | Mining Camp |
| 20:38 | Construir | House |
| 20:50 | Investigar | Castle Age |
| 21:02 | Encolar | Spearman |
| 21:24 | Investigar | Fletching |
| 21:34 | Encolar | Spearman |
| 21:50 | Construir | House |
| 22:00 | Encolar | Villager (Male) |
| 22:16 | Construir | House |
| 22:55 | Construir | House |
| 23:04 | Investigar | Scale Mail Armor |
| 23:30 | Edad | Edad de los Castillos |
| 23:43 | Investigar | Pikeman (upgrade) |
| 23:46 | Encolar | Villager (Male) |
| 24:01 | Construir | Town Center |
| 24:19 | Construir | Monastery |
| 24:31 | Encolar | Spearman |
| 24:31 | Encolar | Spearman |
| 24:32 | Encolar | Spearman |
| 24:39 | Encolar | Villager (Male) |
| 24:40 | Investigar | Bow Saw |
| 25:08 | Encolar | Villager (Male) |
| 25:09 | Encolar | Monk |
| 25:16 | Encolar | Villager (Male) |
| 25:17 | Encolar | Villager (Male) |
| 25:31 | Encolar | Spearman |
| 25:37 | Encolar | Spearman |
| 25:50 | Construir | Castle |
| 26:01 | Encolar | Villager (Male) |
| 26:32 | Encolar | Villager (Male) |
| 26:32 | Construir | Farm |
| 26:33 | Construir | Farm |
| 26:54 | Encolar | Villager (Male) |
| 27:26 | Investigar | Squires |
| 27:27 | Encolar | Villager (Male) |
| 27:28 | Construir | Farm |
| 27:28 | Construir | Farm |
| 27:29 | Construir | Farm |
| 27:30 | Encolar | Villager (Male) |
| 27:44 | Construir | Town Center |
| 27:50 | Encolar | Villager (Male) |
| 28:18 | Encolar | Urumi Swordsman |
| 28:18 | Encolar | Urumi Swordsman |
| 28:19 | Encolar | Urumi Swordsman |
| 28:21 | Encolar | Urumi Swordsman |
| 29:00 | Encolar | Villager (Male) |
| 29:17 | Encolar | Monk |
Cronología de la partida
| 5:36 | wwuki · first_building Barracks |
| 9:13 | inhoftah · wall_segment Palisade Wall x1 |
| 9:14 | inhoftah · wall_segment Palisade Wall x1 |
| 9:26 | wwuki · age_up feudal |
| 9:32 | inhoftah · wall_segment Palisade Wall x1 |
| 9:33 | inhoftah · wall_segment Palisade Wall x1 |
| 9:34 | inhoftah · wall_segment Palisade Wall x1 |
| 9:37 | inhoftah · wall_segment Palisade Wall x1 |
| 9:55 | inhoftah · wall_segment Palisade Wall x1 |
| 10:16 | inhoftah · first_building Barracks |
| 10:56 | wwuki · first_building Archery Range |
| 11:04 | inhoftah · age_up feudal |
| 11:10 | inhoftah · first_building Stable |
| 11:59 | inhoftah · first_market_sell 100 stone |
| 12:02 | inhoftah · first_market_buy 100 food |
| 12:54 | wwuki · wall_segment Palisade Wall x1 |
| 12:54 | wwuki · wall_segment Palisade Wall x1 |
| 14:42 | inhoftah · age_up castle |
| 16:13 | wwuki · wall_segment Palisade Wall x1 |
| 17:19 | wwuki · wall_segment Palisade Wall x1 |
| 17:20 | wwuki · wall_segment Palisade Wall x1 |
| 17:21 | wwuki · wall_segment Palisade Wall x1 |
| 17:31 | wwuki · wall_segment Palisade Wall x1 |
| 17:33 | wwuki · wall_segment Palisade Wall x1 |
| 17:51 | wwuki · wall_segment Palisade Wall x1 |
| 18:29 | inhoftah · first_building Siege Workshop |
| 19:19 | wwuki · wall_segment Palisade Wall x1 |
| 19:21 | wwuki · wall_segment Palisade Wall x1 |
| 19:22 | wwuki · wall_segment Palisade Wall x1 |
| 20:46 | wwuki · first_market_buy 100 food |
| 22:04 | inhoftah · first_building Monastery |
| 23:30 | wwuki · age_up castle |
| 24:19 | wwuki · first_building Monastery |
| 25:42 | wwuki · first_market_sell 100 wood |
| 25:50 | wwuki · first_building Castle |
| 32:57 | wwuki · first_building Stable |
| 36:16 | inhoftah · first_building Castle |
| 37:05 | wwuki · age_up imperial |
| 41:13 | inhoftah · age_up imperial |
| 45:09 | inhoftah · first_building Archery Range |
| 54:01 | wwuki · first_building Siege Workshop |
| 54:05 | inhoftah · resign |
[ ANÁLISIS IA · 1 CRÉDITO ]
¿Qué pasó realmente en esta partida?
Wolo.gg analiza cada decisión: build order, eco, micro, errores típicos por bracket. Análisis personalizado por WhatsApp o Discord en 30 segundos.
Guía civ
Sarracenos
Perfil
Jugador #3940090